 Dungeon Crawl Stone Soup version 0.22-a0-799-g88f5e90 (webtiles) character file.

166 Amnesiac the Digger (level 5, -9/35 HPs)
             Began as a Mummy Earth Elementalist on July 21, 2018.
             Killed by divine providence
             ... invoked by an orc priest
              (10 damage)
             ... on level 3 of the Dungeon.
             The game lasted 00:07:55 (3381 turns).

Amnesiac the Digger (Mummy Earth Elementalist)      Turns: 3381, Time: 00:07:55

Health: -9/35      AC:  3    Str: 11    XL:     5   Next: 22%
Magic:  1/11       EV: 12    Int: 15    God:
Gold:   60         SH:  0    Dex: 13    Spells: 2/12 levels left

rFire    x . .     SeeInvis .   d - +0 spear
rCold    + . .     Gourm    .   (no shield)
rNeg     + + +     Faith    .   c - +0 robe
rPois    ∞         Spirit   .   (no helmet)
rElec    .         Reflect  .   (no cloak)
rCorr    .         Harm     .   (no gloves)
MR       .....                  g - +0 pair of boots {run}
Stlth    ++........             (no amulet)
HPRegen  0.11/turn              (no ring)
MPRegen  0.12/turn              (no ring)

@: about to teleport, quick
A: no food or potions, fire vulnerability, cold resistance 1, negative energy
resistance 3, torment resistance, unbreathing
a: no special abilities


You were on level 3 of the Dungeon.
You were not hungry.

You visited 1 branch of the dungeon, and saw 3 of its levels.

You collected 60 gold pieces.

Inventory:

Hand Weapons
 d - a +0 spear (weapon)
Missiles
 h - 10 stones (quivered)
Armour
 c - a +0 robe (worn)
 g - a +0 pair of boots of running (worn)
Scrolls
 b - a scroll of immolation {!r}
 e - 2 scrolls of remove curse {!r}
 f - a scroll of magic mapping {!r}


   Skills:
 - Level 1.5 Dodging
 - Level 1.5 Stealth
 + Level 4.3 Spellcasting
 - Level 0.7 Transmutations
 * Level 4.3 Earth Magic


You had 2 spell levels left.
You knew the following spells:

 Your Spells              Type           Power        Failure   Level  Hunger
a - Stone Arrow           Conj/Erth      #.....       22%         3    N/A
b - Passwall              Tmut/Erth      ##......     10%         2    N/A
c - Sandblast             Erth           ###...       3%          1    N/A
e - Petrify               Tmut/Erth      ##......     52%         4    N/A

Your spell library contained the following spells:

 Spells                   Type           Power        Failure   Level  Hunger
 Lee's Rapid Deconstruct  Erth           ###.......   63%         5    N/A

Dungeon Overview and Level Annotations

Branches:
Dungeon (3/15)

Altars:
Cheibriados


Innate Abilities, Weirdness & Mutations

You do not eat or drink.
Your flesh is vulnerable to fire.
You are immune to poison.
Your flesh is cold resistant. (rC+)
You are immune to negative energy. (rN+++)
You are immune to unholy pain and torment.
You can survive without breathing.


Message History

An orc comes into view. It is wielding a hand axe.
An orc priest comes into view.
The adder barely misses you.
An orc priest comes into view. It is wielding a dagger.
The orc priest shouts!
You see here 13 stones.
h - 13 stones The adder bites you.
* * * LOW HITPOINT WARNING * * *
Casting: Stone Arrow (safe; 22% risk of failure)
Confirm with . or Enter, or press ? or * to list all spells.
Aiming: Sandblast (safe; 3% risk of failure)
Press: ? - help, Shift-Dir - straight line, f/p - adder
Aim: an adder (almost dead)
Okay, then.
The orc shouts!
The orc priest shouts!
You hear a shout!
The adder bites you.
* * * LOW HITPOINT WARNING * * *
Casting: Sandblast (safe; 3% risk of failure)
Confirm with . or Enter, or press ? or * to list all spells.
Aiming: Sandblast (safe; 3% risk of failure)
Press: ? - help, Shift-Dir - straight line, f/p - adder
Aim: an adder (almost dead)
The blast of sand hits the adder.
You kill the adder!
h - 12 stones The orc priest looks braver for a moment.
The orc misses you.
Unknown command.
Casting: Sandblast (safe; 3% risk of failure)
Confirm with . or Enter, or press ? or * to list all spells.
Aiming: Sandblast (safe; 3% risk of failure)
Press: ? - help, Shift-Dir - straight line, f - orc priest
Aim: an orc priest The blast of sand hits the orc.
You kill the orc!
h - 11 stones An orc wizard comes into view.
It is wielding a dagger.
Unknown command.
Casting: Sandblast (safe; 3% risk of failure)
Confirm with . or Enter, or press ? or * to list all spells.
Aiming: Sandblast (safe; 3% risk of failure)
Press: ? - help, Shift-Dir - straight line, f/p - orc priest
Aim: an orc priest The blast of sand hits the orc priest.
The orc priest is moderately wounded.
h - 10 stones The orc priest calls down the wrath of Beogh upon you.
Beogh smites you!
* * * LOW HITPOINT WARNING * * *
Really read
a - a scroll labeled XIDOMM FYJAPUMN {!r}?
As you read the scroll labeled XIDOMM FYJAPUMN {!r}, it crumbles to dust.
You feel strangely unstable.
It was a scroll of teleportation {!r}.
The orc priest completely misses you.
The orc priest looks encouraged for a moment.
An orc comes into view.
The orc shouts!
The orc wizard casts a spell.
The orc wizard flickers and vanishes!
Deactivating autopickup; reactivate with Ctrl-A.
The orc priest hits you but does no damage.
The orc priest mumbles some strange prayers to Beogh against you.
Beogh smites you!
You die...

#####.......## .. ♣
♣...........#
...##.#...##.##+###
....♣o♣.♣.....#....
...#..........%.....
...♣.♣.♣...........
#............♣.♣.$..
#...♣.♣o............
#.....)o.@###♣.♣#♣.#
#.#.####### ... .#
♣#♣


You could see 2 orc priests and an orc.

Vanquished Creatures
  Jessica (D:3)
  An orc wizard (D:3)
  A gnoll (D:3)
  4 adders
  An ooze (D:1)
  A worm (D:2)
  A dart slug (D:3)
  4 leopard geckos
  9 orcs
  A ball python (D:2)
  3 goblins
  6 hobgoblins (D:2)
  6 jackals
  4 kobolds
  A quokka (D:2)
  3 bats
  2 frilled lizards
  2 rats
51 creatures vanquished.

Notes
Turn   | Place    | Note
-------+----------+-------------------------------------------
     0 | D:1      | Amnesiac the Mummy Earth Elementalist began the quest for the Orb.
     0 | D:1      | Reached XP level 1. HP: 13/13 MP: 4/4
   126 | D:1      | Reached XP level 2. HP: 19/19 MP: 2/5
   838 | D:2      | Reached XP level 3. HP: 24/24 MP: 4/7
   888 | D:2      | Identified a +0 pair of boots of running (You found it on level 2 of the Dungeon)
  1078 | D:2      | Learned a level 2 spell: Passwall
  1105 | D:2      | Learned a level 3 spell: Stone Arrow
  1760 | D:3      | Reached XP level 4. HP: 30/30 MP: 2/9
  1771 | D:2      | Learned a level 4 spell: Petrify
  3193 | D:3      | Noticed Jessica
  3194 | D:3      | Killed Jessica
  3194 | D:3      | Reached XP level 5. HP: 35/35 MP: 7/11
  3196 | D:3      | Found a snail-covered altar of Cheibriados.
  3378 | D:3      | HP: 1/35 [orc priest/divine providence (10)]
  3381 | D:3      | Killed from afar by an orc priest

Vault maps used:
D:1:      dpeg_arrival_boxorama, ashenzari_altar_1
D:2:      minmay_snake_closets
D:3:      cheibrodos_pilgrimage, serial_forest, infiniplex_forest_lined_3,
          infiniplex_forest_straight_4, infiniplex_forest_lined_room_,
          infiniplex_forest_lined_2, infiniplex_forest_lined_3_way,
          infiniplex_forest_lined_3_way, infiniplex_forest_end_1, first_ration,
          kennysheep_slug_shrine, uniq_jessica

Skill      XL: |  1  2  3  4 |
---------------+-------------+-----
Spellcasting   | 3 4 |  4.3
Earth Magic    | 3 4 |  4.3
Dodging        | |  1.5
Stealth        | |  1.5
Transmutations | |  0.7

Action                   |  1- 3 |  4- 6 || total
-------------------------+-------+-------++-------
Melee: Spear             |    49 |    27 ||    76
       Unarmed           |     3 |       ||     3
 Cast: Sandblast         |    30 |     3 ||    33
       Stone Arrow       |    17 |    31 ||    48
  Use: Scroll            |     3 |     1 ||     4
 Stab: Sleeping          |     2 |       ||     2
Armor: Robe              |    11 |     4 ||    15
Dodge: Dodged            |    41 |    27 ||    68

Table legend:
 A = Spawn XP
 B = Non-spawn XP
 C = Spawn XP percentage of total XP
 D = Spawn monster count
 E = Non-spawn monster count
 F = Spawn count percentage of total count
 G = Total turns spent on level
                    A         B        C        D         E        F      G
               +---------+---------+-------+---------+---------+-------+---------
         Total |       0 |     238 |   0.0 |       0 |      51 |   0.0 |  3381
               +---------+---------+-------+---------+---------+-------+---------
           D:1 |       0 |      17 |   0.0 |       0 |       7 |   0.0 |   279
           D:2 |       0 |      92 |   0.0 |       0 |      28 |   0.0 |  2605
           D:3 |       0 |     129 |   0.0 |       0 |      16 |   0.0 |   497
               +---------+---------+-------+---------+---------+-------+---------
